Map: Blackpink LE

Players

Gemini

  • Race: Protoss Protoss
  • League: Master
  • Spawn Location: 1:00

A.I. 1 (Very Easy) - Winner!

  • Race: Terran Terran
  • Spawn Location: 7:00

VOD

Have the link to the VOD?

Description

Time

  • Played on: March 7, 2018, 12:25 p.m.
  • Length: 6:49
Show
View Real Time Build Order
Export as new Build Order

Gemini Protoss 

Build Orders: 1 Gate Expand, Blink Stalkers, Dark Templar Rush 

Get SALT Encoding   

  12  0:00  Probe  
  13  0:13  Probe  
  14  0:17  Pylon  
  14  0:25  Probe (Chrono Boost)  
  15  0:37  Gateway, Probe (Chrono Boost)  
  16  0:43  Probe (Chrono Boost)  
  16  0:45  Assimilator  
  17  0:51  Probe  
  18  1:03  Probe  
  19  1:18  Nexus  
  19  1:21  Probe  
  20  1:33  Cybernetics Core  
  20  1:35  Probe  
  21  1:41  Assimilator  
  21  1:48  Probe  
  21  1:50  Pylon  
  22  2:00  Probe  
  23  2:07  Stalker (Chrono Boost)  
  23  2:10  Warp Gate  
  23  2:12  Probe  
  26  2:24  Twilight Council  
  26  2:27  Probe (Chrono Boost)  
  27  2:30  Probe (Chrono Boost)  
  28  2:37  Stalker  
  28  2:41  Probe x2 (Chrono Boost)  
  32  2:47  Probe  
  32  2:49  Probe  
  34  2:59  Probe  
  34  3:02  Dark Shrine  
  34  3:03  Probe  
  36  3:09  Stalker  
  39  3:17  Gateway  
  38  3:20  Gateway  
  38  3:22  Probe  
  38  3:25  Probe  
  40  3:31  Pylon  
  40  3:34  Probe  
  40  3:37  Probe  
  42  3:44  Pylon  
  42  3:46  Probe  
  42  3:47  Assimilator  
  43  3:49  Probe  
  43  3:55  Blink (Chrono Boost)  
  44  3:58  Probe  
  44  4:01  Probe  
  46  4:06  Shield Battery  
  46  4:10  Probe  
  46  4:12  Assimilator  
  46  4:13  Probe  
  46  4:15  Dark Templar  
  50  4:19  Dark Templar  
  50  4:24  Probe  
  53  4:25  Probe, Stalker  
  53  4:29  Pylon  
  56  4:36  Probe  
  56  4:37  Probe  
  58  4:45  Nexus  
  58  4:48  Pylon  
  58  4:51  Probe  
  59  4:53  Probe  
  60  5:05  Probe, Forge  
  60  5:06  Probe  
  62  5:08  Forge  
  62  5:12  Stalker  
  62  5:13  Stalker  
  66  5:17  Stalker  
  66  5:20  Probe x2  
  70  5:28  Pylon  
  70  5:33  Probe x2  
  72  5:38  Stalker x2  
  76  5:46  Stalker  
  76  5:47  Probe  
  76  5:48  Probe  
  80  6:00  Robotics Facility  
  80  6:08  Gateway  
  80  6:10  Gateway  
  80  6:13  Gateway  
  80  6:16  Gateway  
  80  6:18  Gateway  
  80  6:19  Probe x3  
  80  6:22  Sentry x2  
  87  6:31  Probe x3  
  90  6:35  Pylon  
  90  6:45  Zealot  
  90  6:46  Zealot x2, Pylon  
Show
View Real Time Build Order
Export as new Build Order

A.I. 1 (Very Easy) Terran - Winner!

Build Orders:  

Get SALT Encoding   

  12  0:00  SCV  
  13  0:13  SCV  
  14  0:18  Supply Depot  
  14  0:37  Refinery  
  14  0:41  Barracks  
  14  1:03  Supply Depot  
  14  1:12  Refinery  
  14  1:30  SCV, Marine  
  16  1:42  SCV  
  17  1:54  SCV  
  18  2:01  Marine  
  18  2:06  SCV  
  20  2:18  SCV  
  21  2:31  SCV  
  21  2:33  Marine  
  23  2:43  Orbital Command  
  23  4:22  SCV  
  23  4:50  SCV  
  22  4:58  Marine  
  19  5:03  SCV  
  19  5:15  SCV  
  20  5:27  SCV  
  21  5:29  Marine  
  22  5:39  SCV  
  23  5:46  Factory  
  23  5:48  Supply Depot  
  23  5:51  SCV  
  22  6:03  SCV  
  22  6:04  Marine  
  24  6:12  Supply Depot  
  24  6:15  SCV  
  25  6:27  SCV  
  26  6:32  Starport  
Tags
 
Add a new tag
Caveats
  • Supply blocks, unpowered buildings, or Contaminate may cause inaccurate times.
  • Supply counts are checked every 10 seconds.